 Dungeon Crawl Stone Soup version 0.27.1-1-g398f81649c (webtiles) character file.

Game seed: 7945960303593222809

49 Descartes the Charlatan (level 3, 0/17 HPs)
             Began as a Spriggan Artificer on Sept 22, 2021.
             Slain by a worm (7 damage)
             ... on level 2 of the Dungeon.
             The game lasted 00:04:48 (1815 turns).

Descartes the Charlatan (Spriggan Artificer)        Turns: 1815, Time: 00:04:49

Health: 0/17       AC:  2    Str:  9    XL:     3   Next: 51%
Magic:  4/4        EV: 18    Int: 12    God:
Gold:   37         SH:  0    Dex: 15    Spells: 2/2 levels left

rFire    . . .     SeeInvis +   j - +0 dagger
rCold    . . .     Faith    .   (shield restricted)
rNeg     . . .     Spirit   .   b - +0 robe
rPois    .         Reflect  .   (helmet restricted)
rElec    .         Harm     .   (no cloak)
rCorr    .         Rampage  .   (gloves unavailable)
Will     .....                  (boots unavailable)
Stlth    ++........             (no amulet)
HPRegen  0.05/turn              (no ring)
MPRegen  0.09/turn              (no ring)

@: very quick
A: very small, no large weapons, unfitting armour, see invisible, speed 3
a: no special abilities


You were on level 2 of the Dungeon.
You visited 1 branch of the dungeon, and saw 2 of its levels.

You collected 37 gold pieces.

Inventory:

Hand Weapons
 j - a +0 dagger (weapon)
Missiles
 f - 6 curare-tipped darts
Armour
 b - a +0 robe (worn)
Jewellery
 g - a ring of fire
Wands
 c - a wand of flame (9) (quivered)
 d - a wand of charming (12)
Potions
 a - a potion of heal wounds {unknown}
 i - 3 potions of degeneration {unknown}
Miscellaneous
 e - a piece from Xom's chessboard (15/15)


   Skills:
 - Level 0.7 Fighting
 + Level 4.0 Dodging
 + Level 3.2 Stealth
 - Level 5.0 Evocations


You had 2 spell levels left.
You didn't know any spells.
Your spell library was empty.

Dungeon Overview and Level Annotations

Branches:
Dungeon (2/15)

Altars:


Innate Abilities, Weirdness & Mutations

You are very small and have problems with some larger weapons.
You are too small for most types of armour.
You have supernaturally acute eyesight. (SInv)
You cover ground extremely quickly. (Speed+++)


Message History

No target in view!
No target in view!
No target in view!
No target in view!
No target in view!
No target in view!
No target in view!
No target in view!
No target in view!
No target in view!
No target in view!
No target in view!
No target in view!
A worm is nearby!
You see here 17 gold pieces.
The worm misses you.
You hit the worm.
The worm is lightly wounded.
You hit the worm.
The worm is moderately wounded.
The worm bites you!
Ouch! That really hurt!
You are too injured to fight recklessly!
You are too injured to fight recklessly!
You are too injured to fight recklessly!
You are too injured to fight recklessly!
You are too injured to fight recklessly!
You are too injured to fight recklessly!
You are too injured to fight recklessly!
You are too injured to fight recklessly!
A worm is nearby!
You hit the worm.
The worm is moderately wounded.
You hit the worm but do no damage.
The worm is moderately wounded.
The worm closely misses you.
You hit the worm.
The worm is moderately wounded.
The worm bites you!
You die...

....... ###.#..##.........
.......
#.....###......(##....#
.......##.##..#
#.............#
..S....#@....## #.............
#.#...##.# #.......# .!#
#S#..###.# ##.......###..#
.#####.#..# #.# #........##..#
.!.......####.###......#....†#
........####...@.$.....#.#<.#
.#.......(..<#w##..........##
.........####..##.........##
.......... ..............##
#.#########....#..#......# .
#...##.##......# .......
#......# #....### #......# ##
#......#


You could see a worm.

Vanquished Creatures
  Terence (D:1)
  5 ball pythons
  An endoplasm (D:2)
  A giant cockroach (D:1)
  2 goblins (D:1)
  4 jackals (D:1)
  2 kobolds (D:1)
  3 bats (D:1)
  5 frilled lizards
  2 rats (D:1)
  A spectral goblin (D:1)
27 creatures vanquished.

Vanquished Creatures (collateral kills)
  An adder (D:2)
  A goblin (D:2)
2 creatures vanquished.

Vanquished Creatures (others)
  An adder (D:2)
  A hobgoblin (D:2)
  8 plants (D:1)
10 creatures vanquished.

Grand Total: 39 creatures vanquished

Notes
Turn   | Place    | Note
-------+----------+-------------------------------------------
     0 | D:1      | Descartes the Spriggan Artificer began the quest for the
                  | Orb.
     0 | D:1      | Reached XP level 1. HP: 9/9 MP: 2/2
    15 | D:1      | You fall into a shaft and drop 1 floor!
    15 | D:2      | Noticed Terence
    60 | D:1      | Killed Terence
    61 | D:1      | Reached XP level 2. HP: 7/14 MP: 3/3
   375 | D:1      | Reached XP level 3. HP: 17/17 MP: 4/4
   469 | D:1      | Reached skill level 5 in Evocations
   494 | D:1      | Found a faded altar of an unknown god.
  1815 | D:2      | Slain by a worm

Illustrated notes

Levels and vault maps discovered:
D:1:      psy_arrival_whirlpool, layout_rooms,
          dreamdust_ecumenical_altar_drowned_temple, serial_forest,
          infiniplex_forest_straight_3, infiniplex_forest_straight_4,
          infiniplex_forest_clump_long, infiniplex_forest_split,
          infiniplex_forest_pool, infiniplex_forest_corner_2,
          infiniplex_forest_lined_corner, infiniplex_forest_clump_double
D:2:      layout_rooms, uniq_terence

Skill      XL: |  1  2  3 |
---------------+----------+-----
Stealth        | 2 3 |  3.2
Evocations     | 5 |  5.0
Dodging        | 4 |  4.0
Fighting       | |  0.7

Action                   || total
-------------------------++-------
Melee: Club              ||     9
       Dagger            ||   126
Evoke: Wand              ||     9
       Piece from Xom's  ||     1
 Stab: Sleeping          ||     2
       Distracted        ||     1
Armor: Robe              ||    17
Dodge: Dodged            ||   178
